 Dungeon Crawl Stone Soup version 0.26-a0-649-gf8c6c3aab7 (webtiles) character file.

Game seed: 8567435487219800913

11379 djmy96 the Covert (level 11, -1/69 HPs)
             Began as a Vampire Enchanter on Sept 27, 2020.
             Was a High Priest of Dithmenos.
             Slain by a guardian serpent (22 damage)
             ... on level 12 of the Dungeon.
             The game lasted 00:59:39 (15656 turns).

djmy96 the Covert (Vampire Enchanter)              Turns: 15656, Time: 00:59:39

Health: -1/69      AC:  8    Str: 13    XL:     11   Next: 48%
Magic:  18/23      EV: 14    Int: 22    God:    Dithmenos [*****.]
Gold:   731        SH:  0    Dex: 14    Spells: 14/26 levels left

rFire    . . .     SeeInvis +   H - +2 dagger (speed)
rCold    + . .     Faith    .   (no shield)
rNeg     . . .     Spirit   .   N - +1 leather armour {rC+}
rPois    .         Reflect  .   l - +1 helmet
rElec    .         Harm     .   (no cloak)
rCorr    .         Rampage  .   V - +1 pair of gloves
MR       +....                  (no boots)
Stlth    +++++++++.             (no amulet)
HPRegen  0.41/turn              y - ring of stealth
MPRegen  0.18/turn              B - +6 ring of strength

@: confusing touch, regenerating quickly, slowed, wreathed by umbra, very slow
A: fangs 3, see invisible, [frail 1], unbreathing
a: Exsanguinate, Shadow Step, Shadow Form, Renounce Religion


You were on level 12 of the Dungeon.
You worshipped Dithmenos.
Dithmenos was extremely pleased with you.
You visited 4 branches of the dungeon, and saw 15 of its levels.

You collected 731 gold pieces.

Inventory:

Hand Weapons
 H - a +2 dagger of speed (weapon)
 R - a +3 dagger
Missiles
 e - 5 javelins (quivered)
 s - 35 poisoned darts
 G - 2 boomerangs
 K - a throwing net
 S - 6 curare-tipped darts
Armour
 l - a +1 helmet (worn)
 N - a +1 leather armour of cold resistance (worn)
 Q - a +2 robe of positive energy
 V - a +1 pair of gloves (worn)
Jewellery
 b - an uncursed ring of ice
 y - a ring of stealth (left hand)
 z - an uncursed ring of resist corrosion
 B - a +6 ring of strength (right hand)
Wands
 q - a wand of acid (15)
 w - a wand of iceblast (13)
 D - a wand of disintegration (12)
 J - a wand of polymorph (10)
 P - a wand of paralysis (9)
 T - a wand of random effects (16)
Scrolls
 d - 2 scrolls of remove curse
 g - 8 scrolls of identify
 h - 4 scrolls of enchant armour {unknown}
 i - 4 scrolls of teleportation {unknown}
 p - 3 scrolls of amnesia {unknown}
 u - 5 scrolls of blinking
 v - 8 scrolls of noise
 E - 3 scrolls of magic mapping {unknown}
 I - 2 scrolls of immolation {unknown}
 L - 3 scrolls of holy word {unknown}
 M - 2 scrolls of vulnerability {unknown}
Potions
 a - a potion of mutation {unknown}
 c - 2 potions of stabbing {unknown}
 f - a potion of brilliance {unknown}
 j - 2 potions of berserk rage {unknown}
 k - 2 potions of cancellation {unknown}
 m - 4 potions of heal wounds {unknown}
 n - a potion of invisibility {unknown}
 o - 3 potions of ambrosia {unknown}
 r - 4 potions of flight {unknown}
 t - 7 potions of curing {unknown}
 x - 6 potions of lignification {unknown}
 A - 3 potions of degeneration {unknown}
 F - 2 potions of haste {unknown}
 U - a potion of might {unknown}


   Skills:
 + Level 4.1 Fighting
 * Level 9.1 Short Blades
 + Level 1.6 Armour
 + Level 5.3 Dodging
 + Level 14.1 Stealth
 + Level 8.2 Spellcasting
 + Level 12.0 Hexes
 - Level 0.2 Ice Magic


You had 14 spell levels left.
You knew the following spells:

 Your Spells              Type           Power        Failure   Level
a - Corona                Hex            ######.      1%          1
b - Ensorcelled Hibernat  Hex/Ice        #####.       1%          2
c - Confusing Touch       Hex            ######..     1%          3
d - Tukima's Dance        Hex            ######..     1%          3
e - Dazzling Flash        Conj/Hex       #####.       2%          3

Your spell library contained the following spells:

 Spells                   Type           Power        Failure   Level
 Sting                    Tmut/Pois      #...         10%         1
 Poisonous Vapours        Pois/Air       #.....       14%         2
 Ignite Poison            Fire/Tmut/Pois #.......     28%         3
 Mephitic Cloud           Conj/Pois/Air  #.......     28%         3
 Olgreb's Toxic Radiance  Pois           #.......     67%         4


Dungeon Overview and Level Annotations

Branches:
Dungeon (12/15)            Temple (1/1) D:5            Lair (1/6) D:9
    Orc (1/2) D:11

Altars:
Ashenzari
Cheibriados
Dithmenos
Elyvilon
Fedhas
Gozag
Hepliaklqana
Kikubaaqudgha
Makhleb
Nemelex Xobeh
Okawaru
Qazlal
Ru
Sif Muna
Trog
Uskayaw
Vehumet
Wu Jian
Xom
Yredelemnul
Zin
The Shining One

Annotations:
D:6 3 runed translucent doors, Creed's ghost, novice MiFi


Innate Abilities, Weirdness & Mutations

Your natural rate of healing is unusually fast.
You have razor-sharp teeth.
You have supernaturally acute eyesight. (SInv)
You can survive without breathing.
[You are frail. (-10% HP)]


Message History

You resist with some effort.
Unknown command.
Casting: Dazzling Flash (dangerous; 2% risk of failure)
Confirm with . or Enter, or press ? or * to list all spells.
You don't know that spell.
Unknown command.
Casting: Dazzling Flash (dangerous; 2% risk of failure)
Confirm with . or Enter, or press ? or * to list all spells.
Your hands begin to glow red.
The guardian serpent closely misses you.
The guardian serpent hits you!
You closely miss the guardian serpent. The guardian serpent barely misses you.
You barely miss the guardian serpent. The guardian serpent hits you!
You hit the guardian serpent but do no damage.
The guardian serpent hits you!
* * * LOW HITPOINT WARNING * * *
You hit the guardian serpent but do no damage.
Your shadow hits the guardian serpent but does no damage.
The guardian serpent hits you!!
You die...

........
#..######..##..#
........
........#..##..#
...#....
#........[#
...#....
#..#......# ...#
...
#.#####..#.###..#
...# ..
..#[$$#..#.# #..#
...# ..#!$!#.##.#
#..# ...#
#.##+##$##.# #..#
#....S@.##.# #..#
##..######.# #..#
# #.# #..# #.#


You could see a guardian serpent.

Vanquished Creatures
  Fannar (D:10)
  A two-headed ogre (D:8)
  A death knight (D:11)
  2 freezing wraiths
  A hornet (D:11)
  3 hippogriffs
  4 slime creatures (D:9)
  A dancing weapon (D:8)
  Sigmund (D:6)
  2 wyverns
  A vampire (D:12)
  3 wraiths
  A soldier ant (D:11)
  An ice beast (D:12)
  A black bear (D:6)
  A phantom (D:10)
  A necrophage (D:9)
  8 orc warriors
  3 sky beasts
  2 ogres (D:9)
  An eye of draining (D:9)
  8 centaurs
  5 big kobolds
  7 bullfrogs
  2 scorpions
  3 killer bees (D:11)
  A howler monkey (D:9)
  3 jellies
  A quasit (D:7)
  3 bullfrog zombies
  8 hounds
  A centaur zombie (D:8)
  11 orc priests
  4 bullfrog skeletons
  Ijyb (D:3)
  2 centaur skeletons
  6 iguanas
  16 orc wizards
  Natasha (thrice) (D:4)
  9 worker ants
  A killer bee zombie (D:9)
  A hound zombie (D:9)
  3 hound skeletons
  Robin (D:2)
  A worker ant zombie (D:5)
  11 adders
  3 shadow imps
  2 white imps
  2 oozes
  4 worms
  4 dart slugs
  5 leopard geckos
  51 orcs
  5 giant cockroaches
  21 goblins
  9 hobgoblins
  7 jackals
  7 quokkas
  4 bats (D:1)
  9 frilled lizards
  A goblin skeleton (D:7)
  2 goblin zombies (D:7)
  3 hobgoblin zombies (D:7)
  35 kobolds
  3 kobold skeletons (D:7)
  A leopard gecko skeleton (D:5)
  2 orc zombies (D:7)
  10 rats
342 creatures vanquished.

Vanquished Creatures (collateral kills)
  Erica (D:10)
  An orc warrior (D:8)
  2 ogres
  A bullfrog zombie (D:11)
  An orc priest (D:9)
  An adder skeleton (D:9)
  16 orcs
  2 kobolds
25 creatures vanquished.

Vanquished Creatures (others)
  6 dancing weapons
  A plant (Temple)
7 creatures vanquished.

Grand Total: 374 creatures vanquished

Notes
Turn   | Place    | Note
-------+----------+-------------------------------------------
     0 | D:1      | djmy96 the Vampire Enchanter began the quest for the Orb.
     0 | D:1      | Reached XP level 1. HP: 13/13 MP: 3/3
   215 | D:1      | Reached XP level 2. HP: 19/19 MP: 5/5
   230 | D:1      | Learned a level 2 spell: Ensorcelled Hibernation
   465 | D:1      | Reached skill level 5 in Stealth
   593 | D:1      | Reached XP level 3. HP: 25/25 MP: 6/6
   598 | D:1      | Learned a level 3 spell: Confusing Touch
   862 | D:2      | Noticed Robin
   869 | D:2      | Killed Robin
   869 | D:2      | Reached skill level 5 in Hexes
  1045 | D:2      | Reached XP level 4. HP: 31/31 MP: 7/7
  1767 | D:2      | Reached skill level 1 in Fighting
  2396 | D:3      | Reached XP level 5. HP: 36/37 MP: 8/8
  2402 | D:3      | Found a sacrificial altar of Ru.
  3070 | D:3      | Reached skill level 6 in Stealth
  3233 | D:3      | Noticed Ijyb
  3296 | D:3      | Killed Ijyb
  3445 | D:3      | Learned a level 3 spell: Tukima's Dance
  3579 | D:4      | Reached XP level 6. HP: 42/43 MP: 7/10
  4110 | D:4      | Noticed Natasha
  4146 | D:4      | Killed Natasha
  4283 | D:4      | Noticed Natasha
  4302 | D:4      | Killed Natasha
  4429 | D:4      | Noticed Natasha
  4457 | D:4      | Killed Natasha
  4457 | D:4      | Reached XP level 7. HP: 47/50 MP: 4/12
  4462 | D:4      | Learned a level 3 spell: Dazzling Flash
  4780 | D:5      | Entered Level 5 of the Dungeon
  4782 | D:5      | Found a staircase to the Ecumenical Temple.
  4933 | Temple   | Entered the Ecumenical Temple
  5361 | Temple   | Became a worshipper of Dithmenos the Shadowed
  5489 | Temple   | Reached skill level 7 in Stealth
  5654 | D:5      | Found a shimmering altar of Xom.
  6624 | D:6      | Reached * piety under Dithmenos
  6668 | D:6      | Noticed Sigmund
  6715 | D:6      | Killed Sigmund
  6715 | D:6      | Reached XP level 8. HP: 53/56 MP: 5/14
  7028 | D:6      | Reached skill level 8 in Stealth
  7201 | D:6      | Reached skill level 5 in Short Blades
  7321 | D:6      | Found a runed translucent gate.
  7321 | D:6      | Found a runed translucent gate.
  7321 | D:6      | Found a runed translucent gate.
  7322 | D:6      | Noticed Creed's ghost (novice MiFi)
  7322 | D:6      | Noticed a kobold demonologist
  8171 | D:7      | Reached skill level 9 in Stealth
  8204 | D:7      | Reached ** piety under Dithmenos
  8307 | D:7      | Reached skill level 5 in Spellcasting
  8486 | D:7      | Found a glowing golden altar of the Shining One.
  8718 | D:7      | Reached XP level 9. HP: 62/62 MP: 11/16
  8845 | D:7      | Found an ornate altar of the Wu Jian Council.
  9021 | D:8      | Noticed a two-headed ogre
  9044 | D:8      | Killed a two-headed ogre
  9620 | D:8      | Reached skill level 10 in Stealth
  9935 | D:6      | Found a shimmering blue altar of Sif Muna.
 10022 | D:9      | Reached *** piety under Dithmenos
 10155 | D:9      | Found a staircase to the Lair.
 10181 | D:9      | Reached skill level 10 in Hexes
 10665 | D:9      | Reached XP level 10. HP: 70/70 MP: 19/19
 10778 | D:9      | Reached skill level 11 in Stealth
 10913 | D:9      | Found a broken altar of Ashenzari.
 10951 | D:9      | Found a stormy altar of Qazlal.
 11038 | D:9      | Reached skill level 5 in Dodging
 11383 | D:9      | Reached **** piety under Dithmenos
 11553 | D:9      | Found a sparkling altar of Nemelex Xobeh.
 11554 | D:9      | Found an opulent altar of Gozag.
 11584 | D:9      | Found a glowing silver altar of Zin.
 11594 | D:10     | Entered Level 10 of the Dungeon
 11905 | Lair:1   | Entered Level 1 of the Lair of Beasts
 12005 | D:10     | Reached skill level 12 in Stealth
 12155 | D:10     | Noticed Fannar
 12177 | D:10     | Killed Fannar
 12519 | D:10     | Reached skill level 1 in Armour
 12608 | D:10     | Noticed Erica
 12682 | D:10     | Reached ***** piety under Dithmenos
 12709 | D:10     | Killed Erica
 12709 | D:10     | Reached skill level 13 in Stealth
 12709 | D:10     | Reached XP level 11. HP: 76/76 MP: 4/22
 13945 | D:11     | Noticed a death knight
 14127 | D:11     | Found a staircase to the Orcish Mines.
 14164 | D:11     | Killed a death knight
 15225 | Orc:1    | Entered Level 1 of the Orcish Mines
 15225 | Orc:1    | Found a burning altar of Makhleb.
 15225 | Orc:1    | Noticed an orc sorcerer
 15603 | D:12     | Reached skill level 14 in Stealth
 15656 | D:12     | Slain by a guardian serpent

Illustrated notes

Levels and vault maps discovered:
D:1:      nzn_arrival_depleted_hourglass, layout_basic, lemuel_old_faithful
D:2:      layout_loops_ring, minmay_goblin_kobold_house, uniq_robin
D:3:      kennysheep_the_goblin_king, layout_loops_cross,
          nicolae_ru_path_of_blood
D:4:      layout_loops_ring, uniq_natasha
D:5:      layout_loops_ring, lemuel_round_altar, minmay_temple_entry_butterflies
D:6:      layout_cave_pools, nicolae_overflow_hidden_temple,
          gammafunk_ghost_nasty_kobolds, palyth_stone_intersect, uniq_sigmund
D:7:      layout_rooms, nicolae_tso_besieged_by_evil, lemuel_doored_altar
D:8:      layout_loops_cross
D:9:      minmay_skewed_foursquare, layout_basic, zin_scriptorium,
          grunt_temple_overflow_opulence, evilmike_ruin_ashenzari,
          lemuel_round_altar
D:10:     layout_loops_ring, uniq_erica, uniq_fannar
D:11:     layout_roguey, orc_0_dummy
D:12:     layout_long_grid, nrook_guardian_serpent_double
Temple:   minmay_temple_forest_path
Lair:1:   layout_misc_corridors, serial_bayou_pond_d, minivault_11
Orc:1:    layout_caves, serial_shops, shop, bloody_makhleb, uniq_gastronok

Skill      XL: |  1  2  3  4  5  6  7  8  9 10 11 |
---------------+----------------------------------+-----
Stealth        | 5 6 7 9 10 13 14 | 14.1
Hexes          | 5 6 7 8 10 11 12 | 12.0
Dodging        | 3 4 5 |  5.3
Short Blades   | 2 3 4 6 7 8 9 |  9.1
Fighting       | 1 2 3 4 |  4.1
Spellcasting   | 3 4 5 6 7 8 |  8.2
Armour         | 1 |  1.6
Ice Magic      | |  0.2

Action                   |  1- 3 |  4- 6 |  7- 9 | 10-12 || total
-------------------------+-------+-------+-------+-------++-------
Melee: Dagger            |   145 |   401 |   731 |   550 ||  1827
       Bite              |    14 |    30 |    69 |    76 ||   189
 Cast: Corona            |     2 |    12 |    13 |    21 ||    48
       Ensorcelled Hiber |     3 |     5 |     6 |     1 ||    15
       Confusing Touch   |     2 |    33 |    75 |    67 ||   177
       Tukima's Dance    |       |     1 |    41 |    15 ||    57
       Dazzling Flash    |       |       |       |    11 ||    11
 Abil: Exsanguinate      |       |       |       |     1 ||     1
       Revivify          |       |       |       |     1 ||     1
Evoke: Wand              |       |       |     1 |       ||     1
  Use: Scroll            |       |       |       |     4 ||     4
 Stab: Sleeping          |    12 |    19 |    24 |    27 ||    82
       Distracted        |     2 |     2 |     2 |     1 ||     7
       Confused          |     1 |    19 |    58 |    55 ||   133
       Invisible         |       |       |       |     7 ||     7
Armor: Robe              |    25 |    45 |    76 |    15 ||   161
       Leather armour    |       |       |       |    32 ||    32
Dodge: Dodged            |    73 |   193 |   337 |   219 ||   822

Table legend: (Time is in decaauts)
 A = Elapsed time spent in this place.
 B = Non-inter-level travel time spent in this place.
 C = Inter-level travel time spent in this place.
 D = Time resting spent in this place.
 E = Time spent auto-exploring this place.
 F = Levels seen in this place.
 G = Mean time per level.
                   A        B        C        D        E       F      G
               +--------+--------+--------+--------+--------+-----+--------+
         Total |  15054 |  14438 |    616 |    621 |   9827 |  15 | 1003.6 |
       Dungeon |  14494 |  13972 |    522 |    587 |   9449 |  12 | 1207.8 |
        Temple |    555 |    461 |     94 |     34 |    378 |   1 |  555.0 |
          Lair |      1 |      1 |      0 |      0 |      0 |   1 |    1.0 |
  Orcish Mines |      1 |      1 |      0 |      0 |      0 |   1 |    1.0 |
               +--------+--------+--------+--------+--------+-----+--------+

Top non-repeatable levels by time:
    D:10: 1934 daAuts
     D:9: 1728 daAuts
     D:3: 1319 daAuts
     D:4: 1317 daAuts
     D:5: 1263 daAuts
     D:2: 1262 daAuts
     D:7: 1192 daAuts
    D:11: 1172 daAuts
     D:8: 1065 daAuts
     D:6: 1025 daAuts
     D:1: 829 daAuts
  Temple: 555 daAuts
    D:12: 383 daAuts
   Orc:1: 1 daAuts
  Lair:1: 1 daAuts
